[Event "FIDE Open World Rapid 2024"]
[Site "New York"]
[Date "2024.12.27"]
[Round "8.16"]
[White "Dubov, Daniil"]
[Black "Lomasov, Semyon"]
[Result "1/2-1/2"]
[ECO "E11"]
[WhiteElo "2693"]
[BlackElo "2559"]
[Annotator "ChessBase"]
[PlyCount "83"]
[EventDate "2024.12.14"]
[EventType "swiss"]
[EventCountry "USA"]
[SourceTitle "playchess.com"]
[Source "ChessBase"]
[SourceQuality "1"]
[TimeControl "900+10"]

1. d4 e6 2. Nf3 Nf6 3. c4 Bb4+ 4. Nbd2 a5 5. g3 O-O 6. Bg2 d5 7. O-O a4 8. Qc2 Nc6 9. a3 Be7 10. Rd1 Bd7 11. e4 dxe4 12. Nxe4 Nxe4 13. Qxe4 Na5 14. Ne5 Bf6 15. Be3 Re8 16. Rd3 Rb8 17. Rad1 Bc6 18. Nxc6 bxc6 19. c5 Rxb2 20. Bd2 Nb3 21. Bc3 Ra2 22. Qxc6 Rxa3 23. d5 Bxc3 24. dxe6 Nd4 25. exf7+ Kxf7 26. Rxd4 Bxd4 27. Bd5+ Kf8 28. Rxd4 g6 29. Rf4+ Kg7 30. Rf7+ Kh6 31. Rd7 Qc8 32. Be6 Ra1+ 33. Kg2 Qa8 34. Qxa8 Rxa8 35. h4 g5 36. Bf5 gxh4 37. f4 Rh8 38. g4 Ra3 39. Rxc7 Rg3+ 40. Kf2 a3 41. Ra7 Rc3 42. Ra6+ 1/2-1/2

[Event "FIDE Open World Rapid 2024"]
[Site "New York"]
[Date "2024.12.27"]
[Round "8.16"]
[White "Sardana, Rishi"]
[Black "Moradiabadi, Elshan"]
[Result "1/2-1/2"]
[ECO "B12"]
[WhiteElo "2466"]
[BlackElo "2512"]
[Annotator "ChessBase"]
[PlyCount "64"]
[EventDate "2024.12.14"]
[EventType "swiss"]
[EventCountry "USA"]
[SourceTitle "playchess.com"]
[Source "ChessBase"]
[SourceQuality "1"]
[TimeControl "900+10"]

1. e4 c6 2. d4 d5 3. e5 Bf5 4. Bd3 Bxd3 5. Qxd3 e6 6. Ne2 a6 7. O-O c5 8. c3 Nc6 9. Nd2 Nge7 10. Nf3 Nf5 11. Nf4 cxd4 12. cxd4 h5 13. g3 Be7 14. h4 g6 15. Be3 Qb6 16. Rfc1 Kd7 17. Rc3 Bb4 18. Rb3 Nxe3 19. Qxe3 Na5 20. Nxd5 exd5 21. e6+ fxe6 22. Ne5+ Ke8 23. Qg5 Nxb3 24. Qxg6+ Kd8 25. Qf6+ Kc7 26. Qg7+ Kb8 27. Nd7+ Ka7 28. Nxb6 Rag8 29. Nc8+ Ka8 30. Nb6+ Ka7 31. Nc8+ Ka8 32. Nb6+ Ka7 1/2-1/2

[Event "FIDE Open World Rapid 2024"]
[Site "New York"]
[Date "2024.12.27"]
[Round "8.17"]
[White "Robson, Ray"]
[Black "Jumabayev, Rinat"]
[Result "1-0"]
[ECO "D37"]
[WhiteElo "2700"]
[BlackElo "2573"]
[Annotator "ChessBase"]
[PlyCount "76"]
[EventDate "2024.12.14"]
[EventType "swiss"]
[EventCountry "USA"]
[SourceTitle "playchess.com"]
[Source "ChessBase"]
[SourceQuality "1"]
[TimeControl "900+10"]

1. d4 d5 2. c4 e6 3. Nc3 h6 4. Nf3 Nf6 5. e3 Nbd7 6. Qc2 dxc4 7. Bxc4 a6 8. a4 c5 9. O-O Qc7 10. b3 Bd6 11. Bb2 O-O 12. Rac1 cxd4 13. exd4 b6 14. d5 e5 15. Nh4 Re8 16. Nf5 Bb7 17. Ne4 Nxe4 18. Qxe4 Nf6 19. Qh4 Qd8 20. f4 Bc5+ 21. Kh1 Nxd5 22. Qg3 Qf6 23. fxe5 Qg5 24. Qf3 Rad8 25. Rcd1 Ne3 26. Qxb7 Nxd1 27. h4 Qg4 28. Bxf7+ Kh8 29. Bxe8 Nf2+ 30. Rxf2 Bxf2 31. Qxg7+ Qxg7 32. Nxg7 Bg3 33. Bh5 Kxg7 34. e6+ Kf8 35. Bf6 Re8 36. Bxe8 Kxe8 37. h5 b5 38. axb5 axb5 1-0

[Event "FIDE Open World Rapid 2024"]
[Site "New York"]
[Date "2024.12.27"]
[Round "8.17"]
[White "Bologan, Victor"]
[Black "Suleymenov, Alisher"]
[Result "0-1"]
[ECO "B50"]
[WhiteElo "2600"]
[BlackElo "2500"]
[Annotator "ChessBase"]
[PlyCount "82"]
[EventDate "2024.12.14"]
[EventType "swiss"]
[EventCountry "USA"]
[SourceTitle "playchess.com"]
[Source "ChessBase"]
[SourceQuality "1"]
[TimeControl "900+10"]

1. e4 c5 2. Nf3 d6 3. c3 Nf6 4. Bd3 Nc6 5. Bc2 Bg4 6. h3 Bh5 7. d3 e6 8. Nbd2 Be7 9. Nf1 O-O 10. Ng3 Bxf3 11. Qxf3 d5 12. O-O d4 13. Qe2 b5 14. e5 Nd5 15. c4 Ndb4 16. Bb3 Na5 17. Bd2 bxc4 18. Bxc4 Nxc4 19. dxc4 a5 20. f4 Ra6 21. Ne4 Rb6 22. Bxb4 Rxb4 23. b3 a4 24. Rf3 Qb6 25. Qc2 Ra8 26. Rb1 axb3 27. axb3 g6 28. g4 Qc7 29. Kg2 Rb6 30. h4 Rba6 31. h5 Ra2 32. Rb2 Rxb2 33. Qxb2 Qb7 34. Qc2 Ra1 35. h6 Re1 36. Ng3 Re3 37. Qd1 Bh4 38. Nf1 Rc3 39. Nd2 g5 40. Kh3 Be1 41. Rxc3 Qh1# 0-1

[Event "FIDE Open World Rapid 2024"]
[Site "New York"]
[Date "2024.12.28"]
[Round "8.18"]
[White "Vokhidov, Shamsiddin"]
[Black "Oro, Faustino"]
[Result "0-1"]
[ECO "C54"]
[WhiteElo "2681"]
[BlackElo "2433"]
[Annotator "ChessBase"]
[PlyCount "146"]
[EventDate "2024.12.14"]
[EventType "swiss"]
[EventCountry "USA"]
[SourceTitle "playchess.com"]
[Source "ChessBase"]
[SourceQuality "1"]
[TimeControl "900+10"]

1. e4 e5 2. Nf3 Nc6 3. Bc4 Bc5 4. c3 Nf6 5. d3 O-O 6. O-O h6 7. Re1 d6 8. Nbd2 a5 9. h3 Be6 10. Bb5 Bb6 11. Nf1 Ne7 12. d4 exd4 13. cxd4 d5 14. e5 Ne4 15. N1d2 c5 16. Nxe4 dxe4 17. Rxe4 cxd4 18. Bd3 Nc6 19. a3 Re8 20. Bf4 Bd5 21. Re1 Bc7 22. Bb5 Re6 23. Bxc6 bxc6 24. Nxd4 Rg6 25. Bg3 Bb6 26. Nf5 Qg5 27. Qc2 Be6 28. Ne3 Bd4 29. Qxc6 Rf8 30. Qb5 h5 31. h4 Qe7 32. Rad1 Qa7 33. Qe2 Rb8 34. Rd2 Rb3 35. Kh2 Rxg3 36. Kxg3 Bg4 37. Rxd4 Qxd4 38. f3 Qxe5+ 39. Kf2 Rxb2 40. fxg4 Rxe2+ 41. Rxe2 Qf4+ 42. Kg1 hxg4 43. Nf1 g3 44. h5 Qd4+ 45. Kh1 Qh4+ 46. Kg1 Qxh5 47. Re3 Qc5 48. Kh1 g6 49. Rxg3 Kg7 50. Re3 f5 51. g3 Qc2 52. Kg1 Kh6 53. Rf3 Kg5 54. Kh1 Kf6 55. Kg1 Ke5 56. Re3+ Kd4 57. Rf3 Qb2 58. Nh2 g5 59. g4 fxg4 60. Nxg4 Ke4 61. Rh3 Kf4 62. Nf2 Qc1+ 63. Kg2 Qc6+ 64. Kh2 g4 65. Rg3 Qc2 66. Kg2 Qc6+ 67. Kh2 Qb6 68. Kg2 Qb7+ 69. Kh2 Qh7+ 70. Kg2 Qb7+ 71. Kh2 Qa8 72. Nxg4 Qh8+ 73. Kg2 Qh4 0-1

[Event "FIDE Open World Rapid 2024"]
[Site "New York"]
[Date "2024.12.27"]
[Round "8.18"]
[White "Hong, Andrew"]
[Black "Bortnyk, Olexandr"]
[Result "1/2-1/2"]
[ECO "C41"]
[WhiteElo "2572"]
[BlackElo "2603"]
[Annotator "ChessBase"]
[PlyCount "72"]
[EventDate "2024.12.14"]
[EventType "swiss"]
[EventCountry "USA"]
[SourceTitle "playchess.com"]
[Source "ChessBase"]
[SourceQuality "1"]
[TimeControl "900+10"]

1. e4 d6 2. d4 Nf6 3. Nc3 e5 4. Nf3 Nbd7 5. Bc4 Be7 6. O-O O-O 7. a4 a6 8. Re1 b6 9. Nd5 Bb7 10. Nxe7+ Qxe7 11. Bd3 c5 12. c3 Rfe8 13. d5 Nf8 14. b4 Ng6 15. bxc5 bxc5 16. Rb1 Reb8 17. Re2 Bc8 18. Reb2 Qc7 19. Nd2 Rxb2 20. Rxb2 Nf4 21. Bf1 Bd7 22. Qb3 h6 23. f3 Ne8 24. Nc4 Qd8 25. Nb6 Ra7 26. Nxd7 Qxd7 27. a5 f5 28. Bxf4 exf4 29. exf5 Nf6 30. Qb6 Kh7 31. Qc6 Qd8 32. Rb6 Qe7 33. Qxd6 Qe3+ 34. Kh1 Qe1 35. Kg1 Qe3+ 36. Kh1 Qe1 1/2-1/2

[Event "FIDE Open World Rapid 2024"]
[Site "New York"]
[Date "2024.12.27"]
[Round "8.19"]
[White "Lu, Shanglei"]
[Black "Makarian, Rudik"]
[Result "1-0"]
[ECO "C55"]
[WhiteElo "2609"]
[BlackElo "2547"]
[Annotator "ChessBase"]
[PlyCount "101"]
[EventDate "2024.12.14"]
[EventType "swiss"]
[EventCountry "USA"]
[SourceTitle "playchess.com"]
[Source "ChessBase"]
[SourceQuality "1"]
[TimeControl "900+10"]

1. e4 e5 2. Nf3 Nc6 3. Bc4 Nf6 4. d3 Be7 5. Nc3 O-O 6. O-O d6 7. a3 a5 8. h3 Be6 9. Nd5 a4 10. Re1 h6 11. d4 exd4 12. Nxd4 Nxd4 13. Qxd4 Nxd5 14. Bxd5 c6 15. Bxe6 fxe6 16. e5 d5 17. Qg4 Kh8 18. Qxe6 Bc5 19. Be3 d4 20. Red1 Qh4 21. Qc4 Ba7 22. c3 b5 23. Rxd4 Bxd4 24. Qxd4 Qe7 25. Qe4 Qe6 26. f4 Rad8 27. Rf1 Qd5 28. Qg6 Qd3 29. Qxd3 Rxd3 30. Kf2 Rd5 31. Ke2 g5 32. g3 Kh7 33. Rc1 c5 34. c4 bxc4 35. Rxc4 Rb8 36. Kf3 gxf4 37. gxf4 Rxb2 38. Ke4 Rd1 39. Bxc5 Kg6 40. f5+ Kh5 41. e6 Re1+ 42. Kd5 Rbe2 43. Rf4 Kg5 44. Rf3 Re5+ 45. Kd6 Rxf5 46. Be3+ Kf6 47. Bd4+ Kg6 48. Rg3+ Kh5 49. e7 Re4 50. Re3 Rff4 51. Rxe4 1-0

[Event "FIDE Open World Rapid 2024"]
[Site "New York"]
[Date "2024.12.27"]
[Round "8.19"]
[White "Hardaway, Brewington"]
[Black "Kobalia, Mikhail"]
[Result "1-0"]
[ECO "B44"]
[WhiteElo "2499"]
[BlackElo "2543"]
[Annotator "ChessBase"]
[PlyCount "69"]
[EventDate "2024.12.14"]
[EventType "swiss"]
[EventCountry "USA"]
[SourceTitle "playchess.com"]
[Source "ChessBase"]
[SourceQuality "1"]
[TimeControl "900+10"]

1. e4 c5 2. Nf3 e6 3. d4 cxd4 4. Nxd4 Nc6 5. Bf4 d6 6. Nxc6 bxc6 7. c4 Rb8 8. Qc2 Ne7 9. Nc3 Ng6 10. Be3 c5 11. O-O-O Qb6 12. f4 Be7 13. g4 Bf6 14. g5 Bd4 15. Bxd4 cxd4 16. Nb5 a6 17. Nxd4 Nxf4 18. h4 O-O 19. Rh2 Bb7 20. Qf2 Ng6 21. h5 Ne5 22. Qh4 Rfc8 23. Rc2 d5 24. exd5 exd5 25. Nf5 Qe6 26. Bh3 Qe8 27. Nd6 Qa4 28. Bxc8 Bxc8 29. Qf4 Qxa2 30. Qxe5 Bg4 31. Re1 h6 32. gxh6 gxh6 33. Ne8 Qa1+ 34. Kd2 Qa5+ 35. Qc3 1-0

[Event "FIDE Open World Rapid 2024"]
[Site "New York"]
[Date "2024.12.27"]
[Round "8.20"]
[White "Gelfand, Boris"]
[Black "Nogerbek, Kazybek"]
[Result "1-0"]
[ECO "E06"]
[WhiteElo "2657"]
[BlackElo "2527"]
[Annotator "ChessBase"]
[PlyCount "43"]
[EventDate "2024.12.14"]
[EventType "swiss"]
[EventCountry "USA"]
[SourceTitle "playchess.com"]
[Source "ChessBase"]
[SourceQuality "1"]
[TimeControl "900+10"]

1. d4 Nf6 2. c4 e6 3. Nf3 d5 4. g3 Be7 5. Bg2 O-O 6. Qc2 c5 7. dxc5 d4 8. b4 a5 9. b5 Bxc5 10. Nbd2 Nbd7 11. Nb3 Bb4+ 12. Bd2 Bxd2+ 13. Nfxd2 e5 14. a4 Nb6 15. O-O Bg4 16. Bxb7 Bxe2 17. Bxa8 Bxf1 18. Bh1 Bh3 19. Nxa5 Nbd5 20. Nc6 Nc3 21. Ne4 Nfxe4 22. Nxd8 1-0

[Event "FIDE Open World Rapid 2024"]
[Site "New York"]
[Date "2024.12.28"]
[Round "8.20"]
[White "Andersen, Mads"]
[Black "Schnaider, Ilan"]
[Result "1/2-1/2"]
[ECO "C70"]
[WhiteElo "2592"]
[BlackElo "2392"]
[Annotator "ChessBase"]
[PlyCount "137"]
[EventDate "2024.12.14"]
[EventType "swiss"]
[EventCountry "USA"]
[SourceTitle "playchess.com"]
[Source "ChessBase"]
[SourceQuality "1"]
[TimeControl "900+10"]

1. e4 e5 2. Nf3 Nc6 3. Bb5 a6 4. Ba4 Bc5 5. c3 Nge7 6. d4 exd4 7. cxd4 Bb4+ 8. Bd2 Bxd2+ 9. Qxd2 d5 10. exd5 Qxd5 11. Nc3 Qe6+ 12. Qe3 O-O 13. O-O Qd6 14. Rad1 Nb4 15. Rfe1 Nbd5 16. Qg5 Nxc3 17. bxc3 Ng6 18. Bb3 Be6 19. Bxe6 fxe6 20. Qe3 Rae8 21. Qe4 Qd5 22. Rd2 b5 23. Qxd5 exd5 24. Rde2 Rxe2 25. Rxe2 h6 26. Re3 Kf7 27. g3 a5 28. h4 Rd8 29. h5 Nf8 30. Ne5+ Kg8 31. Nd3 Kf7 32. Kf1 Re8 33. Ne5+ Kg8 34. Nc6 Rxe3 35. fxe3 Kf7 36. Nxa5 Nd7 37. Nc6 Nf6 38. Na7 Nxh5 39. Kg2 Nf6 40. Nxb5 Ne4 41. a4 Ke7 42. a5 Kd7 43. a6 Kc6 44. a7 Kb7 45. Nxc7 Kxa7 46. Nxd5 Kb7 47. Kf3 Nd2+ 48. Kf4 Kc6 49. e4 Kd6 50. Ke3 Nf1+ 51. Kf4 Nd2 52. Nb4 g6 53. e5+ Ke7 54. d5 Nc4 55. Nc6+ Kd7 56. e6+ Kc7 57. e7 Nd6 58. c4 g5+ 59. Kg4 Kd7 60. c5 Ne4 61. d6 Nxc5 62. Ne5+ Ke8 63. Kf5 h5 64. Nf3 h4 65. gxh4 gxh4 66. Nxh4 Kd7 67. Ke5 Nb7 68. Nf5 Nxd6 69. Nxd6 1/2-1/2

[Event "FIDE Open World Rapid 2024"]
[Site "New York"]
[Date "2024.12.27"]
[Round "8.21"]
[White "Grigoryan, Karen H."]
[Black "Vakhidov, Jakhongir"]
[Result "1/2-1/2"]
[ECO "E60"]
[WhiteElo "2618"]
[BlackElo "2546"]
[Annotator "ChessBase"]
[PlyCount "145"]
[EventDate "2024.12.14"]
[EventType "swiss"]
[EventCountry "USA"]
[SourceTitle "playchess.com"]
[Source "ChessBase"]
[SourceQuality "1"]
[TimeControl "900+10"]

1. d4 Nf6 2. c4 g6 3. Nf3 Bg7 4. g3 c5 5. d5 b5 6. cxb5 a6 7. bxa6 d6 8. Nc3 Nxa6 9. Bg2 O-O 10. O-O Bf5 11. Nd2 Nb4 12. Nc4 Bc2 13. Qd2 Bb3 14. Na3 Bxd5 15. Nxd5 Nfxd5 16. Nc4 e6 17. a3 Qb8 18. Rd1 Rd8 19. Rb1 Qb5 20. Nxd6 Rxd6 21. axb4 Rad8 22. bxc5 Qxc5 23. Qe1 Qc2 24. Bg5 Nc3 25. Rxd6 Nxe2+ 26. Kh1 Rxd6 27. b4 Bc3 28. Qf1 Bd4 29. Rd1 Bc5 30. Re1 Bxb4 31. Rxe2 Qa4 32. Bf6 Rd1 33. Rb2 h5 34. h4 Kh7 35. Kh2 Rxf1 36. Bxf1 Qa1 37. Bg2 Ba3 38. Rb3 Qxf6 39. Rxa3 Kg7 40. f4 e5 41. fxe5 Qxe5 42. Rf3 f6 43. Rd3 Qb2 44. Rd7+ Kh6 45. Rd3 Qb8 46. Rf3 Kg7 47. Rd3 g5 48. hxg5 fxg5 49. Kg1 Qb1+ 50. Bf1 Qe1 51. Kg2 Kf6 52. Rf3+ Ke5 53. Rf2 Kd4 54. Re2 Qc1 55. Kf2 Qc7 56. Rd2+ Kc3 57. Re2 h4 58. gxh4 Qh2+ 59. Bg2 Qf4+ 60. Kg1 gxh4 61. Bf1 Qc1 62. Rh2 Qe3+ 63. Kh1 Qe1 64. Rh3+ Kd2 65. Rd3+ Kc2 66. Rf3 Qe5 67. Bg2 Kd2 68. Kg1 Qa1+ 69. Kh2 Ke2 70. Rh3 Qg7 71. Rf3 Qe5+ 72. Kh1 Qb8 73. Rh3 1/2-1/2

[Event "FIDE Open World Rapid 2024"]
[Site "New York"]
[Date "2024.12.28"]
[Round "8.21"]
[White "Benjamin, Joel"]
[Black "Ansat, Aldiyar"]
[Result "0-1"]
[ECO "B30"]
[WhiteElo "2473"]
[BlackElo "2479"]
[Annotator "ChessBase"]
[PlyCount "115"]
[EventDate "2024.12.14"]
[EventType "swiss"]
[EventCountry "USA"]
[SourceTitle "playchess.com"]
[Source "ChessBase"]
[SourceQuality "1"]
[TimeControl "900+10"]

1. e4 c5 2. Nf3 Nc6 3. Bb5 e6 4. O-O Nge7 5. Re1 Nd4 6. Nxd4 cxd4 7. c3 a6 8. Bf1 Nc6 9. b4 Bd6 10. a4 O-O 11. Na3 dxc3 12. dxc3 Be5 13. Bd2 Bb8 14. Qh5 f5 15. Bg5 Qc7 16. exf5 Rxf5 17. Bd3 Qxh2+ 18. Qxh2 Bxh2+ 19. Kxh2 Rxg5 20. Nc4 Nd8 21. Nb6 Rb8 22. Rad1 Kf8 23. c4 Ke7 24. Be4 Nc6 25. b5 Na5 26. f4 Rc5 27. Rd4 Nb3 28. Rd3 Rh5+ 29. Rh3 Rxh3+ 30. Kxh3 Nc5 31. Bxh7 a5 32. Re5 d6 33. Rh5 Bd7 34. Bc2 Rg8 35. Nxd7 Nxd7 36. Rg5 Kf6 37. g4 Rc8 38. Bb3 Nb6 39. Rh5 Nxc4 40. g5+ Kf5 41. Rh7 Nd2 42. Bd1 Kg6 43. Rh4 Rc1 44. Bh5+ Kf5 45. Kg3 Ne4+ 46. Kg2 Rc2+ 47. Kf3 Rc3+ 48. Ke2 d5 49. Bg4+ Kxf4 50. Bxe6+ Ke5 51. Bf7 d4 52. Bg6 Re3+ 53. Kd1 Nxg5 54. Rh8 Nf3 55. Rd8 b6 56. Rd7 Kf6 57. Bh7 g6 58. Rd6+ 0-1

[Event "FIDE Open World Rapid 2024"]
[Site "New York"]
[Date "2024.12.27"]
[Round "8.22"]
[White "Bluebaum, Matthias"]
[Black "Svane, Frederik"]
[Result "1-0"]
[ECO "E51"]
[WhiteElo "2650"]
[BlackElo "2668"]
[Annotator "ChessBase"]
[PlyCount "67"]
[EventDate "2024.12.14"]
[EventType "swiss"]
[EventCountry "USA"]
[SourceTitle "playchess.com"]
[Source "ChessBase"]
[SourceQuality "1"]
[TimeControl "900+10"]

1. d4 Nf6 2. c4 e6 3. Nc3 Bb4 4. e3 d5 5. Bd2 O-O 6. Nf3 Re8 7. Rc1 h6 8. Bd3 Nbd7 9. O-O Bf8 10. e4 dxe4 11. Nxe4 Nxe4 12. Bxe4 Nf6 13. Bb1 b6 14. Bc3 Bb7 15. Qe2 c5 16. dxc5 Bxc5 17. b4 Bf8 18. Ne5 Qe7 19. Rfe1 Rac8 20. h3 Ba8 21. Qc2 g6 22. Qb2 Nh5 23. Rcd1 Red8 24. Rxd8 Rxd8 25. Ng4 Rc8 26. Bf6 Qb7 27. Be4 Qc7 28. Bxa8 Rxa8 29. Rc1 Rc8 30. Be5 Qc6 31. Qd2 Kh7 32. c5 bxc5 33. bxc5 Be7 34. Qxh6+ 1-0

[Event "FIDE Open World Rapid 2024"]
[Site "New York"]
[Date "2024.12.27"]
[Round "8.22"]
[White "Amartuvshin, Ganzorig"]
[Black "Indjic, Aleksandar"]
[Result "1-0"]
[ECO "A70"]
[WhiteElo "2392"]
[BlackElo "2647"]
[Annotator "ChessBase"]
[PlyCount "101"]
[EventDate "2024.12.14"]
[EventType "swiss"]
[EventCountry "USA"]
[SourceTitle "playchess.com"]
[Source "ChessBase"]
[SourceQuality "1"]
[TimeControl "900+10"]

1. d4 Nf6 2. c4 e6 3. Nc3 c5 4. d5 exd5 5. cxd5 d6 6. e4 g6 7. Bd3 Bg7 8. h3 O-O 9. Nf3 Re8 10. O-O Nbd7 11. Re1 Ne5 12. Nxe5 Rxe5 13. f4 Re8 14. Be3 c4 15. Bc2 b5 16. Nxb5 Nxe4 17. Bd4 Nf6 18. Rxe8+ Nxe8 19. Nxa7 Bb7 20. Nc6 Bxc6 21. dxc6 d5 22. b3 c3 23. Qd3 Bxd4+ 24. Qxd4 Rc8 25. Qxc3 Qb6+ 26. Kh1 Rxc6 27. Qd2 Nf6 28. Re1 Nh5 29. Bd1 Nf6 30. Bf3 Kg7 31. Rd1 h6 32. Qb2 Rd6 33. Rxd5 Rxd5 34. Bxd5 Qe3 35. f5 gxf5 36. Bf3 Kg6 37. Qe2 Qd4 38. Qd1 Qf4 39. a4 h5 40. a5 Ne4 41. Bxe4 fxe4 42. a6 Qf2 43. Qg1 Qa2 44. Qb6+ f6 45. a7 Qa1+ 46. Qg1 Qa6 47. Qe3 Kf5 48. b4 Qa1+ 49. Qg1 Qa3 50. Qf2+ Ke6 51. Qb6+ 1-0

[Event "FIDE Open World Rapid 2024"]
[Site "New York"]
[Date "2024.12.27"]
[Round "8.23"]
[White "Muradli, Mahammad"]
[Black "Akobian, Varuzhan"]
[Result "1-0"]
[ECO "A13"]
[WhiteElo "2588"]
[BlackElo "2564"]
[Annotator "ChessBase"]
[PlyCount "87"]
[EventDate "2024.12.14"]
[EventType "swiss"]
[EventCountry "USA"]
[SourceTitle "playchess.com"]
[Source "ChessBase"]
[SourceQuality "1"]
[TimeControl "900+10"]

1. Nf3 Nf6 2. c4 e6 3. g3 d5 4. Bg2 dxc4 5. Qa4+ Bd7 6. Qxc4 c5 7. Nc3 Bc6 8. O-O Nbd7 9. e4 a6 10. Qe2 e5 11. d3 Bd6 12. Nh4 g6 13. f4 Qe7 14. Be3 h6 15. a4 O-O-O 16. f5 g5 17. Nf3 a5 18. Nd2 Kc7 19. Nc4 Ra8 20. h3 b6 21. Qc2 Kd8 22. Qb3 Ke8 23. Nb5 Bb8 24. Rac1 Ra6 25. Bf3 Kf8 26. Kg2 Kg7 27. Rh1 Rd8 28. Qc3 Bxb5 29. axb5 Ra7 30. g4 Nh7 31. h4 gxh4 32. Rh2 Ng5 33. Rch1 f6 34. Rxh4 Rh8 35. R1h2 Bc7 36. Qc1 Raa8 37. Qh1 Rag8 38. Bxg5 fxg5 39. Rxh6 Rxh6 40. Rxh6 Nf6 41. Ne3 Bd8 42. Nd5 Qf8 43. Nxf6 Bxf6 44. Rh7# 1-0

[Event "FIDE Open World Rapid 2024"]
[Site "New York"]
[Date "2024.12.27"]
[Round "8.23"]
[White "Blohberger, Felix"]
[Black "Kevlishvili, Robby"]
[Result "1/2-1/2"]
[ECO "D04"]
[WhiteElo "2534"]
[BlackElo "2556"]
[Annotator "ChessBase"]
[PlyCount "84"]
[EventDate "2024.12.14"]
[EventType "swiss"]
[EventCountry "USA"]
[SourceTitle "playchess.com"]
[Source "ChessBase"]
[SourceQuality "1"]
[TimeControl "900+10"]

1. d4 d5 2. Nf3 Nf6 3. e3 Bf5 4. Bd3 e6 5. Bxf5 exf5 6. Qd3 Qc8 7. O-O Bd6 8. b3 O-O 9. c4 dxc4 10. bxc4 Re8 11. Ba3 Nc6 12. Nbd2 Ne4 13. Rab1 b6 14. Rfc1 Qa6 15. Bxd6 cxd6 16. Qb3 Rac8 17. Nxe4 fxe4 18. Nd2 Qb7 19. Qa3 Qe7 20. Rb5 Na5 21. Qb4 Rc6 22. Nb3 Nxb3 23. axb3 Rec8 24. Re5 Qf8 25. Rd5 g6 26. Ra1 R8c7 27. h3 Qe7 28. Ra6 Kg7 29. Qa3 h5 30. Rb5 Qd7 31. d5 Rc5 32. Qa1+ Kh7 33. Rxc5 dxc5 34. Qe5 Qe7 35. Qxe7 Rxe7 36. h4 Rd7 37. Kh2 g5 38. hxg5 Kg6 39. b4 cxb4 40. c5 Rxd5 41. cxb6 axb6 42. Rxb6+ Kxg5 1/2-1/2

[Event "FIDE Open World Rapid 2024"]
[Site "New York"]
[Date "2024.12.27"]
[Round "8.24"]
[White "Jacobson, Brandon"]
[Black "Antipov, Mikhail Al."]
[Result "1/2-1/2"]
[ECO "C48"]
[WhiteElo "2583"]
[BlackElo "2594"]
[Annotator "ChessBase"]
[PlyCount "131"]
[EventDate "2024.12.14"]
[EventType "swiss"]
[EventCountry "USA"]
[SourceTitle "playchess.com"]
[Source "ChessBase"]
[SourceQuality "1"]
[TimeControl "900+10"]

1. e4 e5 2. Nf3 Nc6 3. Nc3 Nf6 4. Bb5 Nd4 5. O-O c6 6. Bc4 d6 7. h3 b5 8. Bb3 a5 9. a3 Nxb3 10. cxb3 Qc7 11. d4 Be7 12. Bg5 Qb8 13. b4 axb4 14. axb4 Rxa1 15. Qxa1 O-O 16. d5 Bb7 17. Qd1 Rc8 18. Bxf6 Bxf6 19. Qd3 Bd8 20. Rd1 cxd5 21. Nxd5 Bc6 22. Nc3 Be7 23. Nd2 Bf8 24. Nf1 g6 25. Ne3 Qb7 26. Ra1 Ra8 27. Ra5 Be7 28. Ned5 Bd8 29. Rxa8 Qxa8 30. Nxb5 Qa1+ 31. Kh2 Qxb2 32. Qc3 Qxc3 33. Nbxc3 f5 34. f3 Kf7 35. Kg1 Ke6 36. Kf2 h5 37. Ke2 Bb7 38. Kd3 Ba6+ 39. b5 Bb7 40. Kc4 Ba5 41. Nb4 Kd7 42. Nbd5 Ke6 43. b6 Ba6+ 44. Kb3 Kd7 45. Ka4 Bxc3 46. Nxc3 Kc6 47. Ka5 Bf1 48. Nd5 f4 49. Nc7 h4 50. Ne8 g5 51. Nc7 Kb7 52. Ne8 Bxg2 53. Nxd6+ Kb8 54. b7 Bxf3 55. Kb6 g4 56. Nf7 Bxe4 57. Nxe5 Bxb7 58. Nxg4 Bg2 59. Nf2 Kc8 60. Kc5 Kd7 61. Nd3 f3 62. Nf2 Ke6 63. Kd4 Kf5 64. Ke3 Kg5 65. Ke4 Bxh3 66. Kxf3 1/2-1/2

[Event "FIDE Open World Rapid 2024"]
[Site "New York"]
[Date "2024.12.28"]
[Round "8.24"]
[White "Urazayev, Arystanbek"]
[Black "Dlugy, Maxim"]
[Result "1/2-1/2"]
[ECO "B01"]
[WhiteElo "2470"]
[BlackElo "2514"]
[Annotator "ChessBase"]
[PlyCount "161"]
[EventDate "2024.12.14"]
[EventType "swiss"]
[EventCountry "USA"]
[SourceTitle "playchess.com"]
[Source "ChessBase"]
[SourceQuality "1"]
[TimeControl "900+10"]

1. e4 d5 2. exd5 Qxd5 3. Nc3 Qd6 4. d4 c6 5. Nf3 Bg4 6. h3 Bxf3 7. Qxf3 Qxd4 8. Be3 Qd8 9. Bd3 Nf6 10. O-O-O Nbd7 11. g4 e6 12. Qe2 Be7 13. h4 Qa5 14. Kb1 O-O-O 15. g5 Nd5 16. Bd2 Bb4 17. Nxd5 exd5 18. Bf4 g6 19. h5 Rhe8 20. Qg4 Qb6 21. Ka1 Qxf2 22. hxg6 hxg6 23. c4 dxc4 24. Bxc4 Re7 25. a3 Ba5 26. Rh2 Qb6 27. Ka2 Rde8 28. Rh7 Qd8 29. Rxf7 Bc7 30. Bxc7 Kxc7 31. Rf6 Ne5 32. Rxd8 Nxg4 33. Rxe8 Rxe8 34. Rxg6 Ne5 35. Rg7+ Kd6 36. Bb3 Re7 37. Rg8 c5 38. g6 c4 39. Bc2 Ke6 40. Rf8 Rg7 41. Bf5+ Ke7 42. Ra8 Kf6 43. Be4 b6 44. Rf8+ Ke7 45. Rc8 Kd6 46. a4 Kd7 47. Ra8 Kd6 48. Rd8+ Ke7 49. Rb8 Kd6 50. Rh8 Ke7 51. Rh7 Kf6 52. Ka3 a5 53. Rh5 Nxg6 54. Rb5 Ne5 55. Rxb6+ Ke7 56. Rb7+ Kf6 57. Rb6+ Ke7 58. Rb5 Rg3+ 59. Ka2 Nd3 60. Bxd3 Rxd3 61. Kb1 Kd6 62. Rxa5 Rh3 63. Kc2 Kc6 64. Rb5 Rg3 65. Rb4 Kc5 66. Rb5+ Kd4 67. a5 Rg1 68. Rh5 Ra1 69. Rh4+ Kc5 70. Kc3 Rc1+ 71. Kd2 Ra1 72. Rh8 Rxa5 73. Kc3 Ra4 74. Rh5+ Kb6 75. Rh4 Kb5 76. Rh5+ Kb6 77. Rg5 Kc6 78. Rg8 Kb5 79. Rc8 Ra1 80. Rb8+ Kc5 81. Rc8+ 1/2-1/2

[Event "FIDE Open World Rapid 2024"]
[Site "New York"]
[Date "2024.12.27"]
[Round "8.25"]
[White "Amar, Elham"]
[Black "Kacharava, Nikolozi"]
[Result "1-0"]
[ECO "C78"]
[WhiteElo "2534"]
[BlackElo "2510"]
[Annotator "ChessBase"]
[PlyCount "105"]
[EventDate "2024.12.14"]
[EventType "swiss"]
[EventCountry "USA"]
[SourceTitle "playchess.com"]
[Source "ChessBase"]
[SourceQuality "1"]
[TimeControl "900+10"]

1. e4 e5 2. Nf3 Nc6 3. Bb5 a6 4. Ba4 Nf6 5. O-O b5 6. Bb3 Bc5 7. c3 d6 8. d4 Bb6 9. Re1 O-O 10. Bg5 h6 11. Bh4 exd4 12. cxd4 g5 13. Nxg5 hxg5 14. Bxg5 Nxd4 15. Nc3 Nxb3 16. axb3 Bxf2+ 17. Kxf2 Ng4+ 18. Qxg4 Bxg4 19. Bxd8 Rfxd8 20. Nd5 Be6 21. Nxc7 Ra7 22. Nxb5 Rb7 23. Nd4 Bxb3 24. Re3 Be6 25. b3 Rb6 26. Ra5 Rdb8 27. Rg5+ Kf8 28. Nxe6+ fxe6 29. Rf3+ Ke8 30. Rgg3 Kd7 31. h4 Rb4 32. Re3 Rh8 33. Rg7+ Kc6 34. g3 Kc5 35. Rc7+ Kd4 36. Rc6 Ke5 37. Rxa6 Rxe4 38. Rxe4+ Kxe4 39. Rxd6 e5 40. Rd1 Rf8+ 41. Kg2 Rb8 42. Re1+ Kf5 43. Rb1 Rb4 44. Kf3 e4+ 45. Ke3 Kg4 46. Rb2 Kf5 47. h5 Rb8 48. b4 Rg8 49. Kf2 Kg5 50. b5 Kxh5 51. b6 Kg4 52. b7 Rb8 53. Ke3 1-0